[Event "Early-Titled-Tuesday-Blitz-January-30-2024"]
[Site "Chess.com"]
[Date "2024.01.30"]
[Round "7"]
[White "Karttunen"]
[Black "HamedWafa4"]
[Result "0-1"]
[WhiteElo "2619"]
[BlackElo "2806"]
[TimeControl "180+1"]
[EndTime "9:19:43 PST"]
[Termination "HamedWafa4 won by resignation"]

1. c4 e5 2. Nc3 Nf6 3. Nf3 Nc6 4.
e4 Bb4 5. d3 d6 6. h3 O-O 7. g3 Nd7 8. Bg2 Nc5 9. O-O Ne6 10.
Nd5 Bc5 11. a3 a5 12. Rb1 a4 13. Nc3 Ned4 14. Nxd4 Bxd4 15. Nxa4 f5 16. exf5 Bxf5 17. Nc3 Qe8 18. g4 Be6 19. Nd5 Qd7 20. b4 Rab8 21. Be3 b5 22. Qc2 bxc4 23. dxc4 Bxe3 24.
fxe3 Ne7 25. Nxe7+ Qxe7 26. Rxf8+ Rxf8 27. Rf1 Rd8 28. Bd5 Bxd5 29. cxd5 Ra8 30. Qf5 h6 31. Qe6+ Qxe6 32.
dxe6 Rxa3 33. Rc1 Ra7 34. Kf2 Kf8 35. Kf3 Ke7 36. Ke4 Kxe6 37. Kd3 Ra3+ 38. Kd2 Ra7 39. e4 Rb7 40. Kc3 c6 41. Ra1 d5 42. Ra6 Kd6 43.
exd5 Kxd5 44. Ra5+ Kd6 45. Kc4 Rf7 46. Ra6 Rf4+ 47.
Kc3 Rf3+ 48. Kc4 Rf1 49. b5 Rc1+ 50. Kd3 Kd5 51. bxc6 Rxc6 52. Ra7 e4+ 53. Kd2 g5 54. Ra5+ Kd4 55. Ra4+ Ke5 56. Ke3 Rc3+ 57. Kd2 Rxh3 58. Ke2 Kf4 0-1

[Event "Early-Titled-Tuesday-Blitz-January-30-2024"]
[Site "Chess.com"]
[Date "2024.01.30"]
[Round "7"]
[White "sjoerd893"]
[Black "viktorskliarov"]
[Result "1-0"]
[WhiteElo "2515"]
[BlackElo "2646"]
[TimeControl "180+1"]
[EndTime "9:19:43 PST"]
[Termination "sjoerd893 won by resignation"]

1. e4 c5 2. Nf3 Nc6 3. d4 cxd4 4. Nxd4 Nf6 5. Nc3 e5 6. Ndb5 d6 7. Bg5 a6 8. Na3 b5 9. Nd5 Be7 10. Bxf6 Bxf6 11. c3 O-O 12. Nc2 Rb8 13. h4 g6 14.
h5 Bg5 15. Nce3 Ne7 16. Be2 Be6 17. Nxe7+ Qxe7 18. Nd5 Bxd5 19. Qxd5 Kg7 20. Rd1 Rfd8 21. Bg4 a5 22. a3 b4 23. axb4 axb4 24. c4 Ra8 25. b3 Ra2 26. O-O Qa7 27. Rd3 Bh4 28.
Rf3 Qe7 29. h6+ Kf8 30. Rd1 Bg5 31. Be6 Bf4 32. Bxf7 Qxf7 33. g3 g5 34. gxf4 gxf4 35. Qxf7+ Kxf7 36. Rfd3 Rb2 37. c5 Ke7 38. cxd6+ Kd7 39.
Rc1 Rc8 40. Rxc8 Kxc8 41. d7+ Kd8 42. Kg2 Rc2 43. Kf3 Rc3 44. Rxc3 bxc3 45. Ke2 Kxd7 46. Kd3 Kc6 47. Kxc3 Kc5 48. b4+ Kb5 49. Kb3 Kb6 50.
Kc4 Kc6 51. b5+ Kb6 52. Kb4 Kb7 53. Kc5 Kc7 54. f3 Kb7 55. b6 1-0

[Event "Early-Titled-Tuesday-Blitz-January-30-2024"]
[Site "Chess.com"]
[Date "2024.01.30"]
[Round "7"]
[White "Baby_Legs"]
[Black "Savagelittlemole"]
[Result "0-1"]
[WhiteElo "2632"]
[BlackElo "2497"]
[TimeControl "180+1"]
[EndTime "9:19:43 PST"]
[Termination "Savagelittlemole won by resignation"]

1. d4 Nf6 2. Nf3 g6 3. Nbd2 d5 4. e3 Bg7 5. b3 O-O 6. Bb2 c6 7. Bd3 a5 8. h3 Na6 9. a3 Nc7 10. Ne5 Nd7 11. Nxd7 Bxd7 12. c4 Qc8 13. Qf3 Bf5 14. Bxf5 Qxf5 15. Qxf5 gxf5 16. g4 f4 17. exf4 dxc4 18. bxc4 Ne6 19. Nf3 Rfd8 20. O-O-O Nxf4 21. Rhe1 e6 22. Re4 Nxh3 23. Rf1 h6 24. a4 Rab8 25. Bc3 Rd7 26. Kc2 b5 27. Ne5 Bxe5 28. dxe5 Ng5 29. Re3 b4 30. Bb2 Rbd8 31. f4 Rd2+ 32. Kc1 Nh7 33.
Rh1 Rg2 34. Rxh6 Rdd2 35. Rb3 Rdf2 36. Kb1 Rxg4 37. Rbh3 Rg1+ 38. Ka2 Rgg2 39. Rxh7 Rxb2+ 40. Ka1 Ra2+ 41. Kb1 Rgb2+ 42. Kc1 b3 43. Rh8+ Kg7 44. R3h7+ Kg6 45. Rh6+ Kf5 46. Rf6+ Ke4 47. Rxf7 Rc2+ 48. Kb1 Rab2+ 49. Ka1 Ra2+ 50. Kb1 Rcb2+ 51. Kc1 Rg2 0-1

[Event "Early-Titled-Tuesday-Blitz-January-30-2024"]
[Site "Chess.com"]
[Date "2024.01.30"]
[Round "7"]
[White "elchacal664"]
[Black "Glidzhian_Gor"]
[Result "0-1"]
[WhiteElo "2367"]
[BlackElo "2573"]
[TimeControl "180+1"]
[EndTime "9:19:44 PST"]
[Termination "Glidzhian_Gor won on time"]

1. e4 d6 2. g3 e5 3. Bg2 h5 4.
h3 Nc6 5. c4 Be6 6. d3 Nd4 7.
Ne2 c5 8. Nxd4 cxd4 9. O-O Qd7 10. Kh2 O-O-O 11. f4 f6 12. b4 Kb8 13. a4 Nh6 14. f5 Bg8 15. a5 h4 16. g4 Rc8 17.
Na3 Nf7 18. Bd2 Nd8 19. b5 Bf7 20. Nc2 Be7 21. Nb4 Rg8 22. Rb1 g6 23. fxg6 Rxg6 24. Nd5 Ne6 25. Rf5 Nc5 26. Qe2 Be6 27. Rbf1 Rcg8 28.
Nxf6 Bxf6 29. Rxf6 Rxf6 30. Rxf6 Qe7 31. g5 Nd7 32. Rh6 Nf8 33. Rxh4 Ng6 34. Rh6 Nf4 35.
Bxf4 exf4 36. h4 Bc8 37. Qf2 Qe5 38. Bf3 Ka8 39. b6 Qxa5 40. Rxd6 Rh8 41. Bg2 Qxg5 42. Kg1 Rxh4 43. Qa2 a6 44. Qf2 Rg4 45. Rxd4 Rg3 46. Rd5 Qg4 47. Rd8 f3 48. Rxc8+ Qxc8 49. Qxg3 Qc5+ 50.
Qf2 Qg5 0-1

[Event "Early-Titled-Tuesday-Blitz-January-30-2024"]
[Site "Chess.com"]
[Date "2024.01.30"]
[Round "7"]
[White "EdmundPlayer"]
[Black "tetrix83"]
[Result "1-0"]
[WhiteElo "2305"]
[BlackElo "2546"]
[TimeControl "180+1"]
[EndTime "9:19:45 PST"]
[Termination "EdmundPlayer won on time"]

1. Nc3 c5 2. e4 Nc6 3. Bb5 Nd4 4. Bc4 e6 5. Nge2 a6 6. a4 Nf6 7. O-O d5 8. exd5 exd5 9. Nxd5 Nxd5 10. Nxd4 cxd4 11. Qh5 Be6 12. Re1 Nc7 13. Bxe6 Nxe6 14.
Rxe6+ Be7 15. Re1 O-O 16. d3 Rc8 17. Re2 Rc5 18. Qf3 Qd7 19. b3 Rfc8 20. Ba3 Rxc2 21.
Bxe7 Rc1+ 22. Re1 Rxa1 23. Rxa1 Qxe7 24. h3 g6 25. Kf1 Re8 26. Rc1 Kg7 27. Kg1 Qd7 28.
Rc4 Re6 29. Qf4 Rd6 30. Kh2 h5 31. Qe5+ Kg8 32. Rc5 Re6 33. Qf4 Rd6 34. Qe5 Re6 35. Qf4 Qd6 36. Qxd6 Rxd6 37. Rc4 Kg7 38. Rc7 b6 39.
Kg3 a5 40. Rc4 Kf6 41. Kf4 Ke6 42. Ke4 f5+ 43. Kf4 Kd5 44. Kg5 Re6 45. Rc7 Re2 46.
Kxg6 Rxf2 47. Rf7 Rxg2+ 48. Kxh5 Rg3 49. h4 1-0

[Event "Early-Titled-Tuesday-Blitz-January-30-2024"]
[Site "Chess.com"]
[Date "2024.01.30"]
[Round "7"]
[White "BogdanDeac"]
[Black "kleinebeer98"]
[Result "1-0"]
[WhiteElo "3086"]
[BlackElo "2858"]
[TimeControl "180+1"]
[EndTime "9:19:46 PST"]
[Termination "BogdanDeac won by resignation"]

1. d4 Nf6 2. Nf3 Nc6 3. d5 Nb4 4. c4 e6 5. Nc3 c6 6. a3 Na6 7. e4 cxd5 8. cxd5 Nc5 9. Bd3 exd5 10. e5 Nfe4 11. Nxd5 Nxd3+ 12. Qxd3 Nc5 13. Qd1 Be7 14.
O-O O-O 15. Re1 b6 16. Nxe7+ Qxe7 17. Bg5 Qe6 18. b4 Na6 19. Qd3 Bb7 20. Rad1 Nc7 21. h3 Nd5 22. Nd4 Qg6 23. Qxg6 hxg6 24. Nb5 Bc6 25. Nd6 a6 26. Rd3 f6 27. exf6 gxf6 28. Bh6 Rfd8 29. Red1 Nc7 30. Be3 Rab8 31. Bd4 Nd5 32.
Bb2 Nf4 33. Re3 Nxg2 34. Re7 Rf8 35. Rd4 g5 36. Rg4 Nh4 37. f4 Ng6 38. Rxg5 fxg5 39. Rg7+ Kh8 40. Rxd7+ Kg8 41. Rg7+ Kh8 42. f5 Nf4 43. Rc7+ Kg8 44. Rg7+ Kh8 45. Kh2 Rbd8 46. Rd7+ Kg8 47. Rg7+ Kh8 48. Rc7+ Kg8 49. Rxc6 Rd7 50. Kg3 Nh5+ 51. Kf3 Rfd8 52. Be5 Re7 53. Bd4 Red7 54.
Be5 Re7 55. Bc3 Red7 56. Ne4 Rd3+ 57. Kg4 Nf4 58. Nxg5 Ne2 59. Rg6+ Kf8 60. Ne6+ Kf7 61. Rg7+ Ke8 62. Bf6 Rg3+ 63. Kh4 Rxg7 64. Nxg7+ Kd7 65.
Bxd8 Kxd8 66. Kg5 Ke7 67. Kh4 Kf6 68. Nh5+ Kxf5 69. Ng3+ Nxg3 70. Kxg3 a5 71. h4 axb4 72. axb4 b5 73. Kf3 Kg6 74. Ke4 Kh5 75. Kd5 Kxh4 76. Kc5 Kg5 77. Kxb5 Kf6 78. Kc6 Ke7 79. Kc7 1-0

[Event "Early-Titled-Tuesday-Blitz-January-30-2024"]
[Site "Chess.com"]
[Date "2024.01.30"]
[Round "7"]
[White "Zhigalko_Sergei"]
[Black "FM_VS99"]
[Result "0-1"]
[WhiteElo "2917"]
[BlackElo "2563"]
[TimeControl "180+1"]
[EndTime "9:19:46 PST"]
[Termination "FM_VS99 won on time"]

1. e4 c5 2. Nf3 g6 3. c3 d5 4. exd5 Qxd5 5. d4 Bg7 6. Na3 cxd4 7. Bc4 Qe4+ 8. Be3 Nh6 9. Nb5 O-O 10. cxd4 Nc6 11. O-O Bg4 12. Be2 Nf5 13. Qd2 Nxe3 14. fxe3 Bh6 15. Kf2 Qf5 16. Bd3 Qh5 17. Kg1 a6 18.
Nc3 Bxf3 19. Rxf3 Nxd4 20. Rh3 Qg5 21. Ne4 Qg4 22. Qf2 Nf5 23. Kh1 Rad8 24. Bc2 Bg7 25. Rf1 Nd6 26. Nd2 Qe6 27. Bb3 Qf6 28. Qe1 Qxb2 29.
Nf3 Ne4 30. Nd4 Bxd4 31. exd4 Qxd4 32. Qh4 Nf2+ 33. Qxf2 Qxf2 34. Rxf2 e6 35. Rhf3 Kg7 36. h3 b5 37. Kh2 a5 38. a3 b4 39. a4 Rde8 40. Rd2 Rd8 41. Rdf2 Rde8 42. Rf4 f6 0-1

[Event "Early-Titled-Tuesday-Blitz-January-30-2024"]
[Site "Chess.com"]
[Date "2024.01.30"]
[Round "7"]
[White "OparinGrigoriy"]
[Black "azikom"]
[Result "1-0"]
[WhiteElo "2996"]
[BlackElo "2723"]
[TimeControl "180+1"]
[EndTime "9:19:47 PST"]
[Termination "OparinGrigoriy won on time"]

1. Nc3 d5 2. e4 dxe4 3. Nxe4 Nc6 4. Nf3 Nf6 5. Nxf6+ gxf6 6. Bc4 Bg4 7. h3 Bh5 8. d3 e6 9. g4 Bg6 10. Bd2 Be7 11.
Qe2 Qd7 12. O-O-O O-O-O 13. Bc3 Rhg8 14. Kb1 Kb8 15. a3 a6 16. Qe3 h5 17. Nh4 hxg4 18. hxg4 Nd4 19. Nxg6 Rxg6 20. Rh7 Bc5 21. Qe4 f5 22.
gxf5 Nxf5 23. Qf4 Rdg8 24. Rdh1 Bd6 25. Qf3 Bc5 26. Ka2 Bd4 27. Bxd4 Nxd4 28. Rxf7 Nxf3 29. Rxd7 Ne5 30. Rd4 Nxc4 31. Rxc4 Rg2 32. Rf4 R8g7 33. Re1 Re7 34. b4 c6 35. Kb3 Kc7 36. c4 Kd6 37. Kc3 Rg6 38. a4 Rh7 39. a5 Rhg7 40. Rd4+ Kc7 41.
Re3 Rf6 42. Re2 Rgf7 43. Rh4 Rxf2 44. Rxe6 R2f3 45. Rd4 Rg3 46. Re8 Rh3 47. Rdd8 Rd7 48. Rc8+ Kd6 49. c5+ Kd5 50. Re4 1-0

[Event "Early-Titled-Tuesday-Blitz-January-30-2024"]
[Site "Chess.com"]
[Date "2024.01.30"]
[Round "7"]
[White "Happy1712Drummer"]
[Black "Chesstiger64"]
[Result "1-0"]
[WhiteElo "2422"]
[BlackElo "2220"]
[TimeControl "180+1"]
[EndTime "9:19:47 PST"]
[Termination "Happy1712Drummer won by checkmate"]

1. e4 e6 2. d4 d5 3. e5 c5 4. c3 Bd7 5. Nf3 Nc6 6. Be2 cxd4 7.
cxd4 Nge7 8. Na3 Nf5 9. Nc2 h5 10. O-O h4 11. h3 Be7 12. a3 a5 13. Bd3 g6 14. Rb1 Qb6 15. b4 axb4 16. axb4 Ra2 17. b5 Na5 18. Bd2 Nc4 19. Bb4 Bxb5 20. Bxe7 Kxe7 21. Qe1 Kd7 22. Qb4 Kc6 23. Bxc4 dxc4 24. Na3 Rxa3 25. Qxa3 Rd8 26. Rfc1 Rd5 27. Qb4 Kd7 28.
Qf8 Qc7 29. Qxf7+ Kc8 30. Qxe6+ Rd7 31. Rxb5 Nxd4 32. Qg8+ Rd8 33. Qxc4 Ne2+ 34. Kh2 Nxc1 35. Rc5 Rd7 36. Rxc7+ Rxc7 37. Qg8+ Kd7 38. Qg7+ Kc6 39.
Qxg6+ Kb5 40. Qd6 Rc6 41. Qd5+ Rc5 42. Qxb7+ Kc4 43. Qe4+ Kb3 44. Qb1+ Ka4 45. e6 Nb3 46. e7 Rc8 47. Qf5 Re8 48. Qd7+ Kb4 49. Qxe8 Nd4 50. Qb8+ Ka5 51. e8=Q Ka6 52. Qa4# 1-0

[Event "Early-Titled-Tuesday-Blitz-January-30-2024"]
[Site "Chess.com"]
[Date "2024.01.30"]
[Round "7"]
[White "sergeikim"]
[Black "DmitriiZakurdaev"]
[Result "0-1"]
[WhiteElo "2580"]
[BlackElo "2452"]
[TimeControl "180+1"]
[EndTime "9:19:48 PST"]
[Termination "DmitriiZakurdaev won by resignation"]

1. d4 d5 2. c4 e6 3. Nc3 Nf6 4. Nf3 Be7 5. Bf4 O-O 6. e3 Nbd7 7. c5 Nh5 8. Be5 Nxe5 9. Nxe5 Nf6 10. Bd3 Nd7 11.
Nf3 b6 12. b4 a5 13. a3 c6 14.
O-O h6 15. Qe2 Nf6 16. Ne5 Bb7 17. b5 bxc5 18. bxc6 Bc8 19. Nb5 c4 20. Bc2 Ba6 21. Ba4 Ne4 22. Qc2 Bd6 23. Nd7 Bxb5 24. Bxb5 Re8 25. f3 Nf6 26. e4 Nxd7 27. cxd7 Re7 28. e5 Bc7 29. a4 Rb8 30. Rab1 Bb6 31. Qc3 Qc7 32. f4 Qa7 33. Rfd1 Rd8 34. Kh1 g6 35. Qe3 Kh7 36. Rd2 Qc7 37. Rc1 Ba7 38. Rf2 Rb8 39.
Rf3 Rxd7 40. Bxd7 Qxd7 41. Rh3 Rb3 42. Qf2 Qxa4 43. Rxb3 Qxb3 44. h3 a4 45. Qc2 a3 46.
Qd2 a2 47. Ra1 Qb1+ 48. Qd1 Qxd1+ 49. Rxd1 Bxd4 50. Rxd4 a1=Q+ 0-1

[Event "Early-Titled-Tuesday-Blitz-January-30-2024"]
[Site "Chess.com"]
[Date "2024.01.30"]
[Round "7"]
[White "Vsevolod_Ovchinnikov"]
[Black "vlad10898"]
[Result "1-0"]
[WhiteElo "2651"]
[BlackElo "2805"]
[TimeControl "180+1"]
[EndTime "9:19:49 PST"]
[Termination "Vsevolod_Ovchinnikov won on time"]

1. g3 g6 2. Bg2 Bg7 3. c4 Nf6 4. Nc3 O-O 5. e4 c5 6. Nge2 Nc6 7. O-O Ne8 8. d3 Nc7 9. Be3 Ne6 10. f4 d6 11. g4 Ned4 12. Ng3 Rb8 13. g5 b5 14. Qd2 bxc4 15. dxc4 Qa5 16. Rac1 e6 17. b3 Bb7 18.
Rfd1 Rbd8 19. Nce2 Qxd2 20. Rxd2 a5 21. Nc3 f6 22. h4 fxg5 23. hxg5 h6 24. gxh6 Bxh6 25. Rf1 Rf7 26. Rdf2 Rdf8 27. Nce2 Nxe2+ 28. Nxe2 e5 29. Bc1 Nd4 30. Nxd4 cxd4 31. Bh3 Kg7 32. fxe5 Bxc1 33. Rxf7+ Rxf7 34. Rxc1 dxe5 35. Bg2 Rf4 36. c5 Bc6 37. a3 Kf6 38. b4 axb4 39. axb4 Ke7 40. Rf1 Rg4 41.
Kf2 Bxe4 42. Bxe4 Rxe4 43. Rc1 Kd7 44. b5 Rf4+ 45. Ke2 Rf8 46. Kd3 Ke6 47. Kc4 Rc8 48.
b6 1-0

[Event "Early-Titled-Tuesday-Blitz-January-30-2024"]
[Site "Chess.com"]
[Date "2024.01.30"]
[Round "7"]
[White "VincentKeymer"]
[Black "h4parah5"]
[Result "1/2-1/2"]
[WhiteElo "3062"]
[BlackElo "2905"]
[TimeControl "180+1"]
[EndTime "9:19:50 PST"]
[Termination "Game drawn - insufficient material"]

1. Nf3 Nf6 2. c4 e6 3. Nc3 d5 4. e3 c5 5. cxd5 exd5 6. Bb5+ Bd7 7. Bxd7+ Qxd7 8. d4 Nc6 9. O-O Rc8 10. Ne5 Qe6 11. Qb3 b6 12. Rd1 c4 13. Qa4 Be7 14. Bd2 O-O 15.
Nxc6 Qxc6 16. Qxa7 Bd6 17. Qa4 Qxa4 18. Nxa4 b5 19. Nc5 Bxc5 20. dxc5 Ne4 21. Bb4 Rfd8 22. Ba5 Rd7 23. b4 cxb3 24. axb3 Rxc5 25. f3 Nf6 26. Rac1 Rxc1 27. Rxc1 h6 28. Rc5 d4 29. exd4 Rxd4 30. Rxb5 Nd5 31. Kf2 g5 32. g3 Kg7 33. Ke2 Kg6 34. Be1 h5 35. Rc5 g4 36. Bf2 gxf3+ 37.
Kxf3 Rd2 38. h3 Ne7 39. b4 Rb2 40. b5 Nf5 41. g4 hxg4+ 42. hxg4 Ng7 43. Bd4 Ne6 44. Bxb2 Nxc5 45. b6 f5 46. Bd4 Nd7 47. Kf4 fxg4 48. Kxg4 Kf7 49. b7 Ke7 50. Be5 Ke6 51. Bf4 Kd5 52. Kf5 Kc6 53. Ke6 Kxb7 1/2-1/2

[Event "Early-Titled-Tuesday-Blitz-January-30-2024"]
[Site "Chess.com"]
[Date "2024.01.30"]
[Round "7"]
[White "Dinosaurio_1975"]
[Black "Cheer_Down"]
[Result "0-1"]
[WhiteElo "2587"]
[BlackElo "2475"]
[TimeControl "180+1"]
[EndTime "9:19:50 PST"]
[Termination "Cheer_Down won on time"]

1. c4 e6 2. Nc3 d5 3. e3 dxc4 4. Bxc4 a6 5. d4 Nf6 6. a4 c5 7.
Nf3 Nc6 8. O-O cxd4 9. exd4 Be7 10. Qe2 O-O 11. Rd1 Nd5 12. Ne5 Bf6 13. Qh5 g6 14. Qe2 Bg7 15. Ne4 Nxe5 16. dxe5 Bxe5 17. Bg5 f6 18. Bh6 Rf7 19. Nc3 Rd7 20. Qf3 Nc7 21. Rxd7 Qxd7 22. Rd1 Qe7 23. h4 Rb8 24. h5 b5 25.
axb5 axb5 26. Bd3 Bb7 27. Qe2 g5 28. Bxg5 Nd5 29. Nxd5 Bxd5 30. Qxe5 fxg5 31. h6 Rf8 32. Bc2 Qf6 33. Qxf6 Rxf6 34. Bd3 b4 35. Rc1 Rxh6 36. Rc8+ Kg7 37. Rc7+ Kf6 38. Bxh7 Rh4 39. Bd3 Rd4 40.
Bb5 Rd2 41. Be8 Rxb2 42. Rf7+ Ke5 43. Rg7 Kf4 44. g3+ Kf5 45. Rf7+ Ke5 46. Rg7 Rb1+ 0-1

[Event "Early-Titled-Tuesday-Blitz-January-30-2024"]
[Site "Chess.com"]
[Date "2024.01.30"]
[Round "7"]
[White "ansko1999"]
[Black "TokChess"]
[Result "0-1"]
[WhiteElo "2676"]
[BlackElo "2538"]
[TimeControl "180+1"]
[EndTime "9:19:51 PST"]
[Termination "TokChess won by checkmate"]

1. e3 d5 2. Nf3 g6 3. c4 c6 4. d4 Bg7 5. b3 Nf6 6. Nc3 a5 7.
Bd3 O-O 8. O-O Na6 9. cxd5 Nxd5 10. Nxd5 Qxd5 11. h3 Nb4 12. Bc4 Qd6 13. a3 Nd5 14.
Bd2 Bf5 15. Qe2 Nb6 16. e4 Nxc4 17. bxc4 Bc8 18. e5 Qc7 19. a4 Rd8 20. Rab1 Be6 21. Rfc1 Rd7 22. g4 Qd8 23. Be3 h6 24. Kg2 Kh7 25.
Rb2 Qg8 26. Rcb1 Rb8 27. Bd2 Qd8 28. Bc3 Qc7 29. Qe1 Bxc4 30. Bxa5 Qc8 31. Bb6 Ra8 32. a5 Bd5 33. Kg3 f6 34. Re2 Qf8 35. exf6 exf6 36. Bc5 Qf7 37. Bb6 Kg8 38. Re3 Bf8 39. Kg2 Bd6 40. Kg1 g5 41. Nd2 h5 42.
Ne4 Bf8 43. Ng3 hxg4 44. hxg4 Qh7 45. Nh5 Kf7 46. Rh3 Qg6 47. Rbb3 Re8 48. Rbe3 Rde7 49. Rxe7+ Rxe7 50. Re3 Rxe3 51. Qxe3 Qb1+ 52. Kh2 Qh1+ 53. Kg3 Bd6+ 54. f4 Qg2# 0-1

[Event "Early-Titled-Tuesday-Blitz-January-30-2024"]
[Site "Chess.com"]
[Date "2024.01.30"]
[Round "7"]
[White "claudyna16"]
[Black "cristianserban1"]
[Result "0-1"]
[WhiteElo "2380"]
[BlackElo "2582"]
[TimeControl "180+1"]
[EndTime "9:19:52 PST"]
[Termination "cristianserban1 won by resignation"]

1. c4 g6 2. g3 Bg7 3. Bg2 d6 4. Nc3 Nc6 5. e3 e5 6. Nge2 Bg4 7. h3 Be6 8. Nd5 Nge7 9. O-O O-O 10. Rb1 a5 11. a3 Qd7 12. Kh2 Nd8 13. b4 axb4 14. axb4 Rb8 15. b5 f5 16. d3 Nf7 17. Ba3 e4 18. Nef4 Bxd5 19. cxd5 exd3 20. Qxd3 Rfc8 21. Ne6 Bf6 22. f4 c6 23. e4 fxe4 24. Bxe4 cxd5 25. Bxd5 Nxd5 26. Qxd5 Rc2+ 27. Kh1 Ra8 28. Rb3 Re2 29. f5 gxf5 30. Nf4 Re5 31. Qd3 Re4 32.
Bb2 Bxb2 33. Rxb2 Ne5 34. Qd5+ Qf7 35. Qxd6 Re8 36. Nd5 Nd7 37. Rbf2 R4e5 38. Nf4 Rxb5 39. h4 Ne5 40. Kg2 Ng4 41. Rf3 Ne3+ 42. Rxe3 Rxe3 43. Nh3 Re2+ 44. Kg1 Re8 45. Ng5 Qd5 46. Qf6 Rf8 47. Qc3 Qc5+ 48. Qxc5 Rxc5 49. Ne6 Re5 50.
Nxf8 Kxf8 51. Rb1 b5 52. Rxb5 Rxb5 53. Kf2 Kf7 0-1

[Event "Early-Titled-Tuesday-Blitz-January-30-2024"]
[Site "Chess.com"]
[Date "2024.01.30"]
[Round "7"]
[White "secretsuperstar7"]
[Black "Orujov2008"]
[Result "0-1"]
[WhiteElo "2520"]
[BlackElo "2723"]
[TimeControl "180+1"]
[EndTime "9:19:53 PST"]
[Termination "Orujov2008 won on time"]

1. c4 Nf6 2. Nc3 e6 3. e4 c5 4.
e5 Ng8 5. Nf3 Nc6 6. d3 d6 7.
exd6 Bxd6 8. Be2 Nf6 9. O-O O-O 10. Bg5 Rb8 11. Rb1 b6 12. a3 Bb7 13. Qc2 Be7 14. Rfd1 Qc7 15. Qc1 Rfd8 16. b4 a6 17. b5 Nd4 18. Nxd4 cxd4 19. Na4 a5 20. Bf4 e5 21.
Bg3 Nd7 22. Bg4 Nc5 23. Nxc5 Bxc5 24. Re1 Re8 25. Qg5 f6 26. Qh5 Qf7 27. Qh3 Rbd8 28. f4 e4 29. dxe4 d3+ 30. Kh1 d2 31. Red1 Qxc4 32.
Bf5 g6 33. Qg4 Bxe4 34. Bxe4 Qxe4 35. h4 f5 36. Qh3 Qxb1 37. Rxb1 d1=Q+ 38. Rxd1 Rxd1+ 39. Kh2 Bg1+ 40. Kh1 Bf2+ 41. Kh2 Ree1 42. Bxf2 Rh1+ 43. Kg3 Rxh3+ 44. gxh3 Rd3+ 45. Kg2 Rxa3 46. Bxb6 Rb3 47. Bxa5 Rxb5 48. Bc3 Kf7 49. Be5 Ke6 50. Kf3 Kd5 51. Kg3 Rb3+ 52. Kg2 Ke4 53. Kf2 h5 54. Kg2 Rf3 55.
Bd6 Rxf4 56. Bxf4 Kxf4 57. Kf2 Ke4 58. Ke2 f4 59. Kf2 f3 60. Kf1 Kf5 61. Ke1 g5 62.
hxg5 Kxg5 63. Kf2 Kf4 64. Kf1 Kg3 0-1

[Event "Early-Titled-Tuesday-Blitz-January-30-2024"]
[Site "Chess.com"]
[Date "2024.01.30"]
[Round "7"]
[White "Firouzja2003"]
[Black "Sethu0025"]
[Result "1-0"]
[WhiteElo "3140"]
[BlackElo "2860"]
[TimeControl "180+1"]
[EndTime "9:19:54 PST"]
[Termination "Firouzja2003 won on time"]

1. Nf3 d5 2. g3 Nf6 3. Bg2 c5 4. O-O g6 5. d3 Bg7 6. Nbd2 Nc6 7.
e4 O-O 8. Re1 e5 9. c3 d4 10.
Nc4 Ne8 11. cxd4 cxd4 12. Bg5 f6 13. Bd2 Be6 14. Rc1 Nd6 15. b3 b5 16. Nxd6 Qxd6 17. h4 h5 18. Nh2 a5 19. g4 hxg4 20. Nxg4 Kf7 21. h5 g5 22. h6 Bxg4 23. Qxg4 Bxh6 24.
Rxc6 Qxc6 25. Rc1 Qd6 26. Qh5+ Kg7 27. Bh3 Rh8 28. Bf5 Kf8 29. Bxa5 Bg7 30. Bc7 Qe7 31.
Qf3 Rh4 32. Rc6 Kg8 33. Bd6 Qa7 34. a3 Qb7 35. Be6+ Kh8 36. Bd5 Rc8 37. Rc7 Qb8 38. Rd7 Rc1+ 39. Kg2 Qc8 40. Qf5 Rch1 41. Rc7 Qxf5 42.
exf5 R4h2+ 43. Kg3 Rh3+ 44. Kg2 R1h2+ 45. Kg1 Kh7 46.
Bxe5 1-0

[Event "Early-Titled-Tuesday-Blitz-January-30-2024"]
[Site "Chess.com"]
[Date "2024.01.30"]
[Round "7"]
[White "hsd2016"]
[Black "RobertJFischer71"]
[Result "1-0"]
[WhiteElo "2334"]
[BlackElo "2546"]
[TimeControl "180+1"]
[EndTime "9:19:54 PST"]
[Termination "hsd2016 won by resignation"]

1. e4 e5 2. Nf3 Nc6 3. Bb5 a6 4. Bxc6 dxc6 5. O-O Bg4 6. h3 h5 7.
d3 Qf6 8. Nbd2 Bc5 9. d4 Bxd4 10. c3 Bb6 11. Re1 Ne7 12. Nc4 Bxf3 13. Qxf3 Qxf3 14. gxf3 Ng6 15. Nxb6 cxb6 16. Be3 c5 17. Red1 Ke7 18.
Kf1 Rad8 19. Ke2 Rxd1 20. Rxd1 Rd8 21. Rg1 Ke6 22. Rg5 Rh8 23. a4 c4 24. Kd2 b5 25.
axb5 axb5 26. Kc2 h4 27. b3 Ra8 28. bxc4 bxc4 29. Kb2 b5 30. Rg1 Kd6 31. Rd1+ Kc6 32. Rd5 Rb8 33. Ka3 Ra8+ 34. Kb2 Ra5 35. Rd8 Ne7 36.
Rf8 f6 37. Rf7 Kd6 38. Rxg7 Nc6 39. Rb7 Ke6 40. Bc5 f5 41. Rb6 Kd7 42. exf5 Nd8 43. Rd6+ Kc7 44. Rxd8 Kxd8 45. Bb6+ Ke7 46. Bxa5 Kf6 47.
Bd8+ Kxf5 48. Bxh4 Kf4 49. Bg3+ Kxf3 50. h4 e4 51. h5 e3 52. fxe3 Kxg3 53. h6 Kf3 54. h7 Kxe3 55. h8=Q Kd2 1-0

[Event "Early-Titled-Tuesday-Blitz-January-30-2024"]
[Site "Chess.com"]
[Date "2024.01.30"]
[Round "7"]
[White "dretch"]
[Black "Grossboss19"]
[Result "1-0"]
[WhiteElo "2804"]
[BlackElo "2609"]
[TimeControl "180+1"]
[EndTime "9:19:55 PST"]
[Termination "dretch won on time"]

1. d4 Nf6 2. c4 c6 3. Nf3 d5 4. e3 e6 5. Bd3 Nbd7 6. b3 b6 7. Bb2 Bb7 8. O-O c5 9. Nc3 Be7 10. Qe2 O-O 11. Rfd1 a6 12. Rac1 Rc8 13. cxd5 cxd4 14.
dxe6 dxc3 15. exd7 Nxd7 16. Rxc3 Rxc3 17. Bxc3 Qc7 18.
Bxh7+ Kxh7 19. Qd3+ Kg8 20. Qxd7 Qxc3 21. Qxb7 Bc5 22.
Qxa6 Qc2 23. Rd2 Qc1+ 24. Qf1 Qc3 25. Qd3 Qa1+ 26. Qf1 Qc3 27. Qd1 g6 28. Rd7 Qb2 29. a4 Rc8 30. h4 Bf8 31. Rd2 Qa3 32. Kh2 Rc1 33. Qe2 Qxb3 34. Qb5 Qxb5 35. axb5 Rb1 36. Rd5 Bc5 37. Nd4 Kf8 38. Kg3 Rb2 39. Kf3 Ke7 40.
g4 Rb1 41. h5 gxh5 42. gxh5 Kf6 43. Ke4 Rh1 44. f4 Rh3 45. Rf5+ Ke7 46. Rg5 Kf6 47. Rd5 Rh1 48. Nf3 Rb1 49. Rf5+ Kg7 50. Ng5 Rb4+ 51. Kf3 Rb3 52. Rxf7+ Kg8 53. Rb7 Rxe3+ 54. Kg4 Rb3 55.
h6 Bd4 56. h7+ Kf8 57. Ne6+ 1-0

[Event "Early-Titled-Tuesday-Blitz-January-30-2024"]
[Site "Chess.com"]
[Date "2024.01.30"]
[Round "7"]
[White "frederiksvane"]
[Black "Agibileg"]
[Result "1-0"]
[WhiteElo "2923"]
[BlackElo "2770"]
[TimeControl "180+1"]
[EndTime "9:19:56 PST"]
[Termination "frederiksvane won by resignation"]

1. e4 e5 2. Nf3 Nc6 3. Bc4 Nf6 4. d3 h6 5. O-O d6 6. a4 g5 7. a5 a6 8. c3 Bg7 9. Nbd2 O-O 10. h3 g4 11.
hxg4 Bxg4 12. Qb3 Qd7 13. Re1 Kh8 14. Nh2 Bh5 15. Ndf1 Rg8 16. Re3 Bf8 17. Bd2 Be7 18. Ng3 Bg6 19. Bxf7 Bxf7 20. Qxf7 d5 21. exd5 Nd8 22.
Qxg8+ Nxg8 23. Nf3 Nf7 24. c4 Bc5 25. Nxe5 Nxe5 26. Rxe5 Rf8 27. Ne4 Bd4 28. Re6 Qg7 29. Bc3 Bxc3 30. bxc3 Nf6 31. Re1 Ng4 32. d4 Rf7 33. c5 Re7 34. f3 Rxe6 35. dxe6 Qe7 36. d5 Ne5 37. Re3 Nc4 38. Re2 Kg7 39. f4 Kg6 40. g4 Kh7 41. Kg2 Qh4 42. Nf2 Qe7 43.
f5 Qxc5 44. e7 Qxd5+ 45. Kg3 Qd6+ 46. Kh3 Ne3 47. e8=Q Nxf5 48. gxf5 1-0

[Event "Early-Titled-Tuesday-Blitz-January-30-2024"]
[Site "Chess.com"]
[Date "2024.01.30"]
[Round "7"]
[White "MightyGMpretender"]
[Black "AldokhinIvan"]
[Result "0-1"]
[WhiteElo "2814"]
[BlackElo "2658"]
[TimeControl "180+1"]
[EndTime "9:19:56 PST"]
[Termination "AldokhinIvan won on time"]

1. Nf3 Nf6 2. c4 g6 3. Nc3 Bg7 4. e4 d6 5. d4 O-O 6. h3 Nc6 7.
d5 Nb4 8. a3 Na6 9. Bd3 e6 10.
O-O exd5 11. cxd5 Nc5 12. Bc2 a5 13. Re1 Bd7 14. Be3 Na6 15. Bd4 Re8 16. Qd2 Nh5 17.
Bxg7 Kxg7 18. b4 axb4 19. axb4 Qf6 20. Rab1 Bxh3 21. Qd4 Bd7 22. Qxf6+ Kxf6 23. Red1 Nf4 24. g3 Bg4 25. gxf4 Bxf3 26. Rd4 g5 27. fxg5+ Kxg5 28. Kf1 Re5 29. Ke1 Kf4 30. Kd2 Rg8 31. Ne2+ Bxe2 32. Kxe2 Rh5 33. Rb3 Ke5 34. Rd1 Rg4 35. Bb1 Rh2 36. Rf3 Rf4 37. Rxf4 Kxf4 38. Rg1 Rh3 39. Rg7 Ke5 40. Rxf7 Kd4 41. b5 Nc5 42. Rxc7 h5 43.
Rh7 h4 44. Rh6 Rb3 45. Bc2 Rb2 46. Kd1 Kc3 47. Rxh4 Rxc2 48. f3 Nd3 0-1